 Dungeon Crawl Stone Soup version 0.27-a0-1105-g946c659c87 (webtiles) character file.

Game seed: 2860335087850040928

176 thrall606 the Stinger (level 5, -7/39 HPs)
             Began as a Draconian Venom Mage on Apr 29, 2021.
             Mangled by Terence
             ... wielding a +0 flail
              (10 damage)
             ... on level 3 of the Dungeon.
             The game lasted 00:11:09 (3893 turns).

thrall606 the Stinger (Draconian Venom Mage)        Turns: 3893, Time: 00:11:10

Health: -7/39      AC:  5    Str: 11    XL:     5   Next: 30%
Magic:  8/9        EV: 12    Int: 16    God:
Gold:   74         SH:  0    Dex: 11    Spells: 8/9 levels left

rFire    . . .     SeeInvis .   b - +0 falchion
rCold    . . .     Faith    .   (no shield)
rNeg     . . .     Spirit   .   (armour unavailable)
rPois    .         Reflect  .   (helmet restricted)
rElec    .         Harm     .   (no cloak)
rCorr    .         Rampage  .   (no gloves)
Will     .....                  (no boots)
Stlth    ++........             (no amulet)
HPRegen  0.13/turn              (no ring)
MPRegen  0.11/turn              (no ring)

@: no status effects
A: AC +5, unfitting armour, cold-blooded
a: no special abilities


You were on level 3 of the Dungeon.
You visited 1 branch of the dungeon, and saw 3 of its levels.

You collected 74 gold pieces.

Inventory:

Hand Weapons
 b - a +0 falchion (weapon)
Scrolls
 e - a scroll of enchant armour {unknown}
 f - a scroll of fog {unknown}
 g - 2 scrolls of identify {unknown}
 j - a scroll of teleportation {unknown}
Potions
 a - a potion of mutation {unknown}
 c - a potion of brilliance {unknown}
 d - 3 potions of haste
 h - 2 potions of degeneration {unknown}
 i - a potion of cancellation {unknown}


   Skills:
 + Level 0.6 Fighting
 + Level 1.9 Long Blades
 + Level 2.5 Dodging
 + Level 2.4 Stealth
 + Level 2.6 Spellcasting
 + Level 2.2 Transmutations
 + Level 3.7 Poison Magic


You had 8 spell levels left.
You knew the following spells:

 Your Spells              Type           Power      Damage    Failure   Level
a - Sting                 Tmut/Pois      44%        1d5       6%          1

Your spell library contained the following spells:

 Spells                   Type           Power      Damage    Failure   Level
 Poisonous Vapours        Pois/Air       16%        N/A       14%         2
 Animate Skeleton         Necr           4%         N/A       21%         1
 Pain                     Necr           8%         1d4       21%         1
 Ignite Poison            Fire/Tmut/Pois 8%         N/A       26%         3
 Mephitic Cloud           Conj/Pois/Air  6%         N/A       34%         3
 Olgreb's Toxic Radiance  Pois           14%        N/A       38%         4
 Vampiric Draining        Necr           1%         2d6       52%         3
 Animate Dead             Necr           1%         N/A       89%         4
 Agony                    Necr           2%         N/A       99%         5


Dungeon Overview and Level Annotations

Branches:
Dungeon (3/15)

Altars:

Shops:
D:1 (

Annotations:
D:3 Terence


Innate Abilities, Weirdness & Mutations

Your plain brown scales are hard. (AC +5)
You cannot fit into any form of body armour.
You are cold-blooded and may be slowed by cold attacks.


Message History

Aiming: Sting (safe; 6% risk of failure)
Press: ? - help, Shift-Dir - straight line, f/p - Terence
Aim: Terence, wielding a +0 flail and wearing a +0 chain mail (79% to hit)
The sting hits Terence but does no damage.
Terence is poisoned.
The kobold misses you. Terence barely misses you.
You hit the kobold.
The kobold is heavily wounded.
The kobold misses you.
You riposte.
You completely miss the kobold.
The kobold is heavily wounded.
Terence hits you with a +0 flail.
You barely miss the kobold. You tail-slap the kobold.
The kobold is severely wounded.
The kobold hits you with a +0 dagger. Terence barely misses you.
You riposte.
You closely miss Terence.
You tail-slap Terence, but do no damage.
Terence is lightly wounded.
You miss the kobold.
Your tail-slap misses the kobold.
The kobold is severely wounded.
The kobold hits you but does no damage. Terence hits you with a +0 flail.
The kobold hits you but does no damage.
You hit the kobold.
You kill the kobold!
Terence closely misses you.
You riposte.
You barely miss Terence.
Terence is lightly wounded.
Terence looks more healthy.
Terence hits you with a +0 flail.
You see here a +0 dagger.
You hit Terence but do no damage. You tail-slap Terence.
Terence is lightly wounded.
Terence hits you with a +0 flail! x2
* * * LOW HITPOINT WARNING * * *
You hit Terence but do no damage.
Terence is lightly wounded.
Terence hits you with a +0 flail!
* * * LOW HITPOINT WARNING * * *
Terence closely misses you.
You riposte.
You hit Terence but do no damage.
Terence is lightly wounded.
Terence says, "How do you enjoy it?" Terence screams, "I want your blood!"
Terence hits you with a +0 flail!
You die...

### ..# ### #.# #.# #.#
#.# #.# #.###
#.######...# ##########
)......#.#.# #.@.......
..####.#.#.# #@##.....#
.........#.# #.# ....#
.#####.###>####.# ...#
......†...<.....# ....#
##..............##.....#
........................
#..#...#.......)##.....
#### ......##........#
.... #...


You could see Terence.

Vanquished Creatures
  Natasha (thrice) (D:2)
  2 adders (D:2)
  2 worms
  3 dart slugs
  4 orcs (D:3)
  4 ball pythons
  3 endoplasms
  5 giant cockroaches
  6 goblins
  13 jackals
  A quokka (D:3)
  6 bats
  2 frilled lizards
  8 kobolds
  7 rats
69 creatures vanquished.

Notes
Turn   | Place    | Note
-------+----------+-------------------------------------------
     0 | D:1      | thrall606 the Draconian Venom Mage began the quest for the
                  | Orb.
     0 | D:1      | Reached XP level 1. HP: 14/14 MP: 3/3
    22 | D:1      | Found Efiewnoc's Weapon Shop.
   249 | D:1      | Reached XP level 2. HP: 11/20 MP: 3/5
  1060 | D:1      | Reached XP level 3. HP: 16/26 MP: 3/6
  1835 | D:1      | Found a faded altar of an unknown god.
  2139 | D:2      | Noticed Natasha
  2149 | D:2      | Killed Natasha
  2150 | D:2      | Reached skill level 1 in Long Blades
  2150 | D:2      | Reached XP level 4. HP: 27/33 MP: 4/7
  2418 | D:2      | Noticed a black bear
  2431 | D:2      | Noticed Natasha
  2442 | D:2      | Killed Natasha
  2643 | D:2      | Noticed Natasha
  2662 | D:2      | Killed Natasha
  2663 | D:2      | Reached XP level 5. HP: 11/39 MP: 6/8
  3870 | D:3      | Noticed Terence
  3893 | D:3      | Mangled by Terence

Illustrated notes

Levels and vault maps discovered:
D:1:      onia_arrival_mini_spirals, layout_loops_corners,
          hellmonk_ecumenical_altar_heavens_door, serial_shops,
          nicolae_shop_crystal, serial_co_window_serial,
          co_window_of_opportunity_a, co_window_paths_a, co_window_corner_a,
          co_window_of_opportunity_a, co_window_of_opportunity_a,
          co_window_paths_b, co_window_corner_a, co_window_corner_a,
          co_window_corner_a, co_window_corner_cb, co_window_unsneaky_path_a,
          co_window_paths_c, co_window_paths_c, co_window_of_opportunity_b,
          co_window_broadway_c, glass_columns_b, minivault_27
D:2:      layout_basic, minivault_25, lightli_corner_chamber, uniq_natasha
D:3:      layout_basic, hangedman_decor_clover_reticule,
          minmay_misc_feat_more_columns, uniq_terence

Skill      XL: |  1  2  3  4 |
---------------+-------------+-----
Dodging        | 2 |  2.5
Stealth        | 2 |  2.4
Long Blades    | 1 |  1.9
Transmutations | 2 |  2.2
Fighting       | |  0.6
Spellcasting   | |  2.6
Poison Magic   | |  3.7

Action                   |  1- 3 |  4- 6 || total
-------------------------+-------+-------++-------
Melee: Falchion          |    78 |    63 ||   141
       Tailslap          |    11 |     8 ||    19
 Cast: Sting             |    24 |    26 ||    50
 Stab: Sleeping          |     1 |     1 ||     2
Armor: Skin              |    38 |    22 ||    60
Dodge: Dodged            |   103 |    47 ||   150
       Rpst.: Falchion   |    33 |    16 ||    49

Table legend: (Time is in decaauts)
 A = Elapsed time spent in this place.
 B = Non-inter-level travel time spent in this place.
 C = Inter-level travel time spent in this place.
 D = Time resting spent in this place.
 E = Time spent auto-exploring this place.
 F = Levels seen in this place.
 G = Mean time per level.
                   A        B        C        D        E       F      G
               +--------+--------+--------+--------+--------+-----+--------+
         Total |   3940 |   3939 |      1 |      0 |   3132 |   3 | 1313.3 |
       Dungeon |   3940 |   3939 |      1 |      0 |   3132 |   3 | 1313.3 |
               +--------+--------+--------+--------+--------+-----+--------+

Top non-repeatable levels by time:
     D:1: 2003 daAuts
     D:2: 1051 daAuts
     D:3: 885 daAuts
